 Dungeon Crawl Stone Soup version 0.31-a0-836-g3ceb0a68c4 (webtiles) character file.

Game seed: 6795529848714747162

9317 lunkers the Brawler (level 12, -8/94 (97) HPs)
             Began as a Meteoran Shapeshifter on Sept 26, 2023.
             Was a High Priest of Ru.
             Mangled by a blink frog (10 damage)
             ... on level 3 of the Lair of Beasts.
             The game lasted 00:16:44 (6016 turns).

lunkers the Brawler (Meteoran Shapeshifter)         Turns: 6016, Time: 00:16:45

HP:   -8/94 (97)    AC: 10    Str: 18    XL:     12   Next: 3%
MP:   13/13         EV: 14    Int: 12    God:    Ru [*****.]
Gold: 489           SH:  5    Dex: 17    Spells: 11/11 levels left

rFire   . .          .
                       - Unarmed
rCold   . . .        (shield unavailable)
rNeg    . . .        t - +3 ring mail
rPois   .            a - +0 helmet
rElec   .            (no cloak)
rCorr   .            x - +0 pair of gloves
SInv    .            (no boots)
Will    +....        i - amulet of reflection Stlth
                     (ring unavailable)
HPRegen 0.35/turn    r - ring of wizardry
MPRegen 0.13/turn

%: reflection, wizardry (x1)
@: flux-form, glowing, lightly drained, unable to read
A: glow, contaminating, sense surroundings 2, inability to read after injury 2,
missing a hand, no stealth, otherworldly, glowing, explore regen
a: Begin Untransformation, Renounce Religion, Draw Out Power, Power Leap,
Apocalypse


You were on level 3 of the Lair of Beasts.
You worshipped Ru.
Ru was extremely pleased with you.
You were something dangerously unstable.
You visited 2 branches of the dungeon, and saw 13 of its levels.
You also visited: Sewer.

You collected 489 gold pieces.

Inventory:

Armour
 a - a +0 helmet (worn)
 t - a +3 ring mail (worn)
 u - +0 steam dragon scales
 x - a +0 pair of gloves (worn)
Jewellery
 i - an amulet of reflection (around neck)
 r - a ring of wizardry (right hand)
 v - a ring of ice
Talismans
 c - a beast talisman
 d - a flux talisman (active)
 k - a blade talisman
Wands
 h - a wand of flame (30)
 q - a wand of acid (2)
Scrolls
 e - a scroll of blinking
 f - 3 scrolls of immolation
 y - a scroll of teleportation {unknown}
Potions
 b - 2 potions of mutation
 g - a potion of curing {unknown}
 j - a potion of degeneration {unknown}
 l - a potion of heal wounds
 m - a potion of cancellation {unknown}
 n - a potion of brilliance {unknown}
 p - 3 potions of might
 s - a potion of haste {unknown}
 w - a potion of resistance {unknown}
Miscellaneous
 o - a lightning rod (4/4)


   Skills:
 + Level 6.4 Fighting
 + Level 6.8 Dodging
 * Level 15.2 Unarmed Combat
 + Level 10.6 Shapeshifting


You had 11 spell levels left.
You didn't know any spells.
Your spell library contained the following spells:

 Spells                   Type           Power      Damage    Failure   Level
 Apportation              Tloc           0%         N/A       24%         1
 Jinxbite                 Hex            0%         N/A       32%         2
 Static Discharge         Conj/Air       0%         2-2/arc   32%         2
 Tukima's Dance           Hex            0%         N/A       54%         3
 Airstrike                Air            0%         2d(0-16)  90%         4
 Passage of Golubria      Tloc           0%         N/A       90%         4
 Summon Lightning Spire   Summ/Air       0%         N/A       90%         4
 Alistair's Intoxication  Tmut/Pois      0%         N/A       99%         5
 Yara's Violent Unravell  Hex/Tmut       0%         3d3       99%         5


Dungeon Overview and Level Annotations

Branches:
Dungeon (10/15) Zot: 861   Temple (0/1) D:6            Lair (3/5) D:10 Zot: 1550
  Sewer (visited)
  Swamp: Lair:2-3    Shoals: Lair:2-3     Snake: Lair:2-3    Spider: Lair:2-3
    Orc: D:9-12

Altars:
Dithmenos
Hepliaklqana
Kikubaaqudgha
Nemelex Xobeh
Qazlal
Ru
Vehumet
Wu Jian
Xom
The Shining One

Shops:
D:4 (   D:7 (

Annotations:
D:5 3 runed translucent doors, ShangFenghuang's ghost, amateur BaHu


Innate Abilities, Weirdness & Mutations

You are something dangerously unstable.
You glow with magical radiation, making you easy to see and hit.
Foes you strike become dangerously contaminated with magical radiation.
You are incapable of wielding weapons or throwing items.
You passively map the area around you.
You sometimes lose the ability to read scrolls when taking damage.
You are missing a hand.
You cannot be stealthy.
You are easily found by Zot.
You glow in the dark.
You regain HP and MP as you explore.


Message History

The blink frog hits you but does no damage.
The wolf bites you.
* * * LOW HITPOINT WARNING * * *
Unknown command.
You cannot read scrolls in your current state!
Unknown command.
Okay, then.
You feel much better.
You feel sick. The wolf bites you but does no damage.
You redirect the blink frog's attack!
The blink frog blinks!
The blink frog hits you.
* * * LOW HITPOINT WARNING * * *
The blink frog blinks! x2; The wolf bites you but does no damage.
The wolf misses you. The blink frog barely misses you.
Unknown command.
You barely miss the wolf.
The wolf stops glowing.
The blink frog blinks!
The blink frog begins to attack, but is stunned by your conviction!
The wolf closely misses you. The wolf bites you.
* * * LOW HITPOINT WARNING * * *
You focus your inner power and illuminate the wolf in retribution!
The blink frog hits you!
* * * LOW HITPOINT WARNING * * *
You punch the wolf!
The wolf begins to glow.
The wolf is heavily wounded.
You feel less exhausted.
You feel sick. The wolf bites you.
* * * LOW HITPOINT WARNING * * *
The wolf bites you.
* * * LOW HITPOINT WARNING * * *
The blink frog begins to attack, but is stunned by your conviction!
You hit the wolf.
The wolf glows dangerously bright.
The wolf is almost dead.
You feel sick.
You are no longer poisoned.
The wolf bites you but does no damage. You block the wolf's attack.
The blink frog misses you.
Unknown command.
You punch the wolf!
You kill the wolf!
The wolf misses you. The blink frog hits you!
You die...

.... ,,
*#...# ,
*#... , ...
h, ###.# ..⌠
* *
##.†.##..?.,
,, ,
#.FF.......
,
#F.k..+.⌠.>
⌠ #pFl..#, .
, ##h⌠......
, ###.###..⌠
, * ,... ..
,,,* **,
....# . ,
,,....#* , *
..... ,,,, *
, ,, **,, ,


You could see a komodo dragon, 4 blink frogs, a rime drake and a wolf.

Vanquished Creatures
  Erica (D:10)
  A two-headed ogre (D:10)
  2 cane toads
  A rime drake (D:10)
  A komodo dragon (Lair:1)
  A troll (D:10)
  Grinder (D:4)
  A blink frog (Lair:3)
  4 yaks (Lair:2)
  2 basilisks
  2 steam dragons (D:8)
  7 water moccasins
  2 orc warriors (D:9)
  An ogre (D:5)
  2 ice beasts
  4 black bears
  9 wolves
  A centaur (D:7)
  3 phantoms (D:4)
  2 kobold brigands (Sewer)
  6 bullfrogs
  A gnoll sergeant (D:9)
  2 scorpions
  8 wights
  5 killer bees (D:9)
  A howler monkey (D:7)
  2 jellies (D:6)
  A centaur skeleton (D:4)
  A gnoll bouda (D:8)
  9 orc priests
  9 hounds
  2 sleepcaps
  9 iguanas
  9 orc wizards
  Terence (D:3)
  2 hound zombies (D:4)
  9 gnolls
  A howler monkey skeleton (D:4)
  9 adders
  4 river rats (Sewer)
  4 white imps
  2 adder skeletons (D:4)
  An adder zombie (D:4)
  2 worms
  41 orcs
  7 bats
  4 endoplasms
  2 giant cockroaches
  10 goblins
  6 hobgoblins
  6 jackals
  6 kobolds
  4 quokkas
  7 ball pythons
  8 frilled lizards
  8 rats
257 creatures vanquished.

Vanquished Creatures (others)
  A wolf (Lair:3)
  A scorpion (D:5)
  An orc (D:6)
3 creatures vanquished.

Grand Total: 260 creatures vanquished

Notes
Turn   | Place    | Note
-------+----------+-------------------------------------------
     0 | D:1      | lunkers the Meteoran Shapeshifter began the quest for the
                  | Orb.
     0 | D:1      | Reached XP level 1. HP: 16/16 MP: 2/2
    43 | D:1      | Reached skill level 4 in Unarmed Combat
    43 | D:1      | Reached XP level 2. HP: 20/23 MP: 3/3
   259 | D:1      | Reached XP level 3. HP: 28/28 MP: 4/4
   505 | D:1      | Glimpsed the power of Zot.
   980 | D:3      | Noticed Terence
   985 | D:3      | Killed Terence
   986 | D:3      | Reached skill level 5 in Unarmed Combat
   986 | D:3      | Reached XP level 4. HP: 35/35 MP: 5/5
  1121 | D:3      | Found a sacrificial altar of Ru.
  1159 | D:3      | Became a worshipper of Ru the Awakened
  1176 | D:3      | Reached XP level 5. HP: 40/40 MP: 6/6
  1517 | D:4      | Noticed a phantom
  1532 | D:4      | Reached skill level 6 in Unarmed Combat
  1537 | D:4      | Killed a phantom
  1538 | D:4      | Reached skill level 5 in Shapeshifting
  1538 | D:4      | Reached XP level 6. HP: 33/47 MP: 7/7
  1646 | D:4      | Reached skill level 7 in Unarmed Combat
  1659 | D:4      | Reached XP level 7. HP: 33/52 MP: 8/8
  1803 | D:4      | Found Moexzur's Antique Weapon Emporium.
  1836 | D:4      | Noticed Grinder
  1844 | D:4      | Paralysed by Grinder for 5 turns
  1858 | D:4      | Killed Grinder
  1859 | D:4      | Reached skill level 8 in Unarmed Combat
  1859 | D:4      | Reached XP level 8. HP: 59/59 MP: 9/9
  1996 | D:4      | Gained mutation: You are missing a hand. [Ru sacrifice]
  1996 | D:4      | Reached * piety under Ru
  1996 | D:4      | Reached ** piety under Ru
  2004 | D:5      | Entered Level 5 of the Dungeon
  2014 | D:5      | Reached skill level 9 in Unarmed Combat
  2268 | D:5      | Reached skill level 10 in Unarmed Combat
  2301 | D:5      | Gained mutation: You passively map the area around you.
                  | [Meteoran growth]
  2301 | D:5      | Reached XP level 9. HP: 55/64 MP: 10/10
  2332 | D:5      | Found a runed translucent gate.
  2332 | D:5      | Noticed ShangFenghuang's ghost (amateur BaHu)
  2333 | D:5      | Found a runed translucent gate.
  2334 | D:5      | Found a runed translucent gate.
  2334 | D:5      | Identified the +4 chain mail of the Sunfish {Fly Str+4}
  2500 | D:5      | Found a glowing drain.
  2511 | Sewer    | Entered a sewer
  2569 | Sewer    | Reached skill level 11 in Unarmed Combat
  2933 | Sewer    | Glimpsed the power of Zot.
  2967 | Sewer    | Glimpsed the power of Zot.
  3340 | D:6      | Found an ornate altar of the Wu Jian Council.
  3366 | D:6      | Found a shimmering altar of Xom.
  3367 | D:6      | Found a hazy altar of Hepliaklqana.
  3367 | D:6      | Noticed a wretched star
  3412 | D:6      | Found a radiant altar of Vehumet.
  3436 | D:6      | Reached skill level 12 in Unarmed Combat
  3498 | D:6      | Reached XP level 10. HP: 39/73 MP: 11/11
  3592 | D:6      | Gained mutation: You cannot be stealthy. [Ru sacrifice]
  3592 | D:6      | Reached *** piety under Ru
  3614 | D:6      | Noticed a spectral ugly thing
  3614 | D:6      | Noticed a wretched star
  3750 | D:6      | Found a glowing golden altar of the Shining One.
  3785 | D:6      | Found a staircase to the Ecumenical Temple.
  3914 | D:7      | Found a stormy altar of Qazlal.
  3999 | D:7      | Found Vyduzupig's Weapon Shop.
  4179 | D:7      | Found a sparkling altar of Nemelex Xobeh.
  4404 | D:7      | Reached skill level 13 in Unarmed Combat
  4412 | D:7      | Found an ancient bone altar of Kikubaaqudgha.
  5123 | D:9      | Found a shadowy altar of Dithmenos.
  5152 | D:9      | Gained mutation: You occasionally lose the ability to read
                  | scrolls when taking damage. [Ru sacrifice]
  5152 | D:9      | Gained mutation: You sometimes lose the ability to read
                  | scrolls when taking damage. [Ru sacrifice]
  5152 | D:9      | Reached **** piety under Ru
  5152 | D:9      | Reached ***** piety under Ru
  5520 | D:10     | Entered Level 10 of the Dungeon
  5627 | D:10     | Reached skill level 5 in Dodging
  5627 | D:10     | Reached XP level 11. HP: 80/85 MP: 12/12
  5666 | D:10     | Noticed a two-headed ogre
  5675 | D:10     | Killed a two-headed ogre
  5676 | D:10     | Reached skill level 5 in Fighting
  5676 | D:10     | Reached skill level 14 in Unarmed Combat
  5681 | D:10     | Noticed Erica
  5698 | D:10     | Killed Erica
  5699 | D:10     | Reached skill level 10 in Shapeshifting
  5737 | D:10     | Found a staircase to the Lair.
  5744 | Lair:1   | Entered Level 1 of the Lair of Beasts
  5907 | Lair:2   | Reached skill level 15 in Unarmed Combat
  6006 | Lair:3   | Reached XP level 12. HP: 10/93 MP: 13/13
  6011 | Lair:3   | HP: 3/94 [wolf (2)]
  6015 | Lair:3   | HP: 1/94 [poisoned by a water moccasin]
  6016 | Lair:3   | Mangled by a blink frog

Illustrated notes

Levels and vault maps discovered:
D:1:      scummos_arrival_forest, layout_basic,
          chequers_ecumenical_altar_simple, serial_glass, glass_columns_c,
          glass_columns_a, hangedman_decor_push
D:2:      layout_loops_ring
D:3:      layout_loops_ring, hangedman_ru_absence, chequers_big_river,
          uniq_terence
D:4:      nicolae_cairo_tiling_very_big, layout_basic, serial_undead,
          serial_undead_e, serial_undead_d, serial_undead_f, serial_undead_d,
          serial_shops, nicolae_shop_statue_plus, minmay_tree_intersection,
          uniq_grinder, uniq_ijyb
D:5:      layout_basic, portal_sewer_entry_d, biasface_ghost_orc_armoury
D:6:      minmay_general_purpose_star, layout_basic,
          regret_index_temple_of_mockery, general_overflow_altar,
          lemuel_round_altar, nicolae_uskayaw_dance_studio,
          mainiacjoe_overflow_small_starburst, minmay_temple_entry_nine_rooms,
          grunt_decor_one_mirror, minmay_checkerbox
D:7:      layout_loops_cross, kennysheep_little_box, kennysheep_mini_moat,
          grunt_qazlal_clouds, serial_shops, shop
D:8:      layout_loops_corners, elyvilon_altar_4, mainiacjoe_overflow_boulevard
D:9:      layout_roguey, nicolae_dithmenos_the_darkroom, ebering_ghost_gozag,
          grunt_ministairs_13
D:10:     layout_stronghold, lemuel_tele_altar, mainiacjoe_overflow_alcove_4,
          kennysheep_mini, hellmonk_lair_entry_icy, erik_orc_1, serial_shops,
          nicolae_shop_rolling_square, grunt_decor_arrowhead, nicolae_evil_shop,
          uniq_erica
Lair:1:   layout_loops_ring, grunt_megastairs_4
Lair:2:   layout_roguey
Lair:3:   layout_hall_layers, palyth_hydra_swamp_entry,
          nicolae_snake_entry_squirm, grunt_megastairs_3, lemuel_fruit_tree

Skill      XL: |  1  2  3  4  5  6  7  8  9 10 11 |
---------------+----------------------------------+-----
Unarmed Combat | 4 5 6 7 8 10 12 13 15 | 15.2
Shapeshifting  | 4 5 6 7 8 9 10 | 10.6
Fighting       | 2 4 6 |  6.4
Dodging        | 5 6 |  6.8

Action                     |  1- 3 |  4- 6 |  7- 9 | 10-12 || total
---------------------------+-------+-------+-------+-------++-------
  Melee: Unarmed           |   101 |    84 |   333 |   391 ||   909
         Punch             |     3 |     4 |     3 |       ||    10
 Invoke: Sacrifice a Hand  |       |       |     1 |       ||     1
         Sacrifice Words   |       |       |       |     1 ||     1
         Sacrifice Stealth |       |       |       |     1 ||     1
         Draw Out Power    |       |       |       |     1 ||     1
    Use: Potion            |     1 |       |     1 |     2 ||     4
         Scroll            |       |     4 |     2 |     4 ||    10
   Stab: Invisible         |       |       |     1 |     3 ||     4
         Distracted        |       |       |     1 |     1 ||     2
 Armour: Animal skin       |    44 |       |       |       ||    44
         Ring mail         |     5 |    50 |   117 |   199 ||   371
         Skin              |     1 |     1 |     3 |       ||     5
  Dodge: Dodged            |    69 |    48 |   103 |   187 ||   407
  Block: Other             |     3 |    16 |    61 |    86 ||   166
   Form: Flux              |       |       |     1 |       ||     1

Table legend: (Time is in decaauts)
 A = Elapsed time spent in this place.
 B = Non-inter-level travel time spent in this place.
 C = Inter-level travel time spent in this place.
 D = Time resting spent in this place.
 E = Time spent auto-exploring this place.
 F = Levels seen in this place.
 G = Mean time per level.
                   A        B        C        D        E       F      G
               +--------+--------+--------+--------+--------+-----+--------+
         Total |   5970 |   5771 |    199 |     26 |   3751 |  14 |  426.4 |
       Dungeon |   5138 |   4939 |    199 |     26 |   3385 |  10 |  513.8 |
          Lair |    248 |    248 |      0 |      0 |     53 |   3 |   82.7 |
         Sewer |    583 |    583 |      0 |      0 |    312 |   1 |  583.0 |
               +--------+--------+--------+--------+--------+-----+--------+

Top non-repeatable levels by time:
     D:5: 756 daAuts
     D:6: 703 daAuts
   Sewer: 583 daAuts
     D:8: 558 daAuts
     D:3: 558 daAuts
     D:7: 546 daAuts
     D:1: 509 daAuts
     D:4: 470 daAuts
     D:2: 442 daAuts
     D:9: 381 daAuts
    D:10: 210 daAuts
  Lair:2: 118 daAuts
  Lair:1: 98 daAuts
  Lair:3: 31 daAuts
